cohdb
Replays
Latest Replays
All Replays
Popular Replays
Top Player Replays
Match Explorer
How It Works
Community
CoH3 Stats
Reddit
Sign in to upload your games and track your stats! →
Sign in with Steam
Match 42581243
Unlisted
Match 42581243
Overview
Messages
Build Orders
End
Selects Airborne Battlegroup
Selects Heavy Machine Gun Paradrop
Heavy Machine Gun Paradrop
Construct Barracks
Selects Smoke Bombing Run
Riflemen Squad
Riflemen Squad
Construct Medical Station
Selects Paratrooper Squad Paradrop
Paratrooper Squad Paradrop
Grenade Package
Infantry Support Center
Heavy Machine Gun Paradrop
Paratrooper Squad Paradrop
Selects Supply Drop
M1918 Browning Automatic Rifles
Selects Anti-tank Gun Team Paradrop
Advanced Logistics
Survival Training
Anti-tank Gun Team Paradrop
Selects Dual P-47 Rocket Strike
Dual P-47 Rocket Strike
pagep
7k this year for sure
captain kes
L3N4Y
0
0
Comments
sign in to comment!
No comments posted yet!